 Dungeon Crawl Stone Soup version 0.25-a0-246-g58704a1ebd (webtiles) character file.

Game seed: 15207700663359874147, levelgen mode: deterministic

183998 floatRand the Demonic Cataclysm (level 17, -51/124 HPs)
             Began as a Demonspawn Gladiator on Dec 3, 2019.
             Was a High Priest of Qazlal.
             Killed from afar by a deep elf annihilator (82 damage)
             ... with a crystal spear
             ... on level 3 of the Elven Halls.
             The game lasted 00:52:17 (27150 turns).

floatRand the Demonic Cataclysm (DsGl)             Turns: 27150, Time: 00:52:17

Health: -51/124    AC: 31    Str: 23    XL:     17   Next: 76%
Magic:  19/32      EV:  7    Int: 12    God:    Qazlal [*****.]
Gold:   826        SH: 22    Dex: 16    Spells: 16/16 levels left

rFire    + + .     SeeInvis .   X - +6 flail (crush)
rCold    + + .     Gourm    .   C - +2 shield of Resistance {rF+ rC+ MR+}
rNeg     + + .     Faith    .   l - +1 crystal plate armour of Pride {rN+ MR+}
rPois    .         Spirit   .   c - +0 helmet
rElec    .         Reflect  .   h - +0 cloak
rCorr    .         Harm     .   b - +2 pair of gloves
MR       +++..                  (boots unavailable)
Stlth    ..........             F - amulet of regeneration
HPRegen  0.70/turn              x - ring of protection from fire
MPRegen  0.23/turn              A - ring of ice

@: mighty, protected from physical damage, repel missiles
A: talons 3, thin metallic scales 2, fire resistance 1, negative energy
resistance 1, spiny 2, flame cloud immunity
a: Upheaval, Elemental Force, Disaster Area, Renounce Religion


You were on level 3 of the Elven Halls.
You worshipped Qazlal.
Qazlal was extremely pleased with you.
You were not hungry.

You visited 4 branches of the dungeon, and saw 26 of its levels.
You also visited: Sewer, Bailey and Volcano.

You collected 4090 gold pieces.
You spent 3264 gold pieces at shops.

Inventory:

Hand Weapons
 M - a +7 morningstar of protection
 X - a +6 flail of crushing (weapon)
Missiles
 I - 2 throwing nets (quivered)
Armour
 a - the +0 fire dragon scales "Wialegos" {rF++ rC- Slay+5}
   (You bought it in a shop on level 2 of the Orcish Mines)

   It affects your accuracy and damage with ranged weapons and melee attacks
   (+5).
   It greatly protects you from fire.
   It makes you vulnerable to cold.
 b - a +2 pair of gloves (worn)
 c - a +0 helmet (worn)
 h - a +0 cloak (worn)
 i - +0 acid dragon scales
 l - the +1 crystal plate armour of Pride (worn) {rN+ MR+}
   (You bought it in a shop on level 6 of the Dungeon)

   It protects you from negative energy.
   It affects your resistance to hostile enchantments.
 C - the +2 shield of Resistance (worn) {rF+ rC+ MR+}
   (You took it off Edmund on level 5 of the Dungeon)

   It protects you from fire.
   It protects you from cold.
   It affects your resistance to hostile enchantments.
Jewellery
 v - an uncursed ring of flight {unknown}
 x - a ring of protection from fire (left hand)
 A - a ring of ice (right hand)
 F - an amulet of regeneration (around neck)
 K - an uncursed ring of stealth
 N - a +3 amulet of reflection
 Q - a cursed amulet of inaccuracy {unknown}
 R - an uncursed ring of resist corrosion
 Z - an uncursed amulet of faith {unknown}
Wands
 m - a wand of acid (5)
 B - a wand of iceblast (14)
 G - a wand of paralysis (25)
 L - a wand of digging (13)
 P - a wand of flame (15)
 T - a wand of clouds (9)
 V - a wand of scattershot (9)
Scrolls
 d - 3 scrolls of magic mapping
 e - 6 scrolls of blinking
 g - 9 scrolls of remove curse
 s - 19 scrolls of teleportation
 t - 6 scrolls of amnesia
 y - 3 scrolls of identify
 D - 2 scrolls of fear
 E - 2 scrolls of fog
 S - a scroll of acquirement {!r}
Potions
 j - 11 potions of curing
 k - 4 potions of agility
 n - 7 potions of flight
 o - 3 potions of might
 p - 2 potions of mutation
 q - a potion of cancellation
 r - 2 potions of brilliance {unknown}
 w - 6 potions of lignification
 z - 4 potions of invisibility {unknown}
 O - 4 potions of berserk rage
 U - 2 potions of magic {unknown}
 W - 4 potions of haste {unknown}
 Y - 4 potions of ambrosia {unknown}
Miscellaneous
 u - a phantom mirror
 J - a lightning rod (4/4)
Comestibles
 f - 31 rations


   Skills:
 + Level 8.9 Fighting
   Level 6.7(10.9) Axes
 + Level 13.2(13.7) Maces & Flails
 - Level 1.7 Throwing
 + Level 7.1 Armour
 + Level 7.0 Dodging
 + Level 12.8 Shields
 * Level 22.6 Invocations


You had 16 spell levels left.
You didn't know any spells.
Your spell library contained the following spells:

 Spells                   Type           Power        Failure   Level  Hunger
 Animate Skeleton         Necr           N/A          100%        1    ##.....
 Magic Dart               Conj           #...         100%        1    ##.....
 Pain                     Necr           #...         100%        1    ##.....
 Summon Small Mammal      Summ           #...         100%        1    ##.....
 Call Imp                 Summ           #.......     100%        2    ###....
 Searing Ray              Conj           #.....       100%        2    ###....
 Call Canine Familiar     Summ           #.......     100%        3    ####...
 Dazzling Flash           Conj/Hex       #.....       100%        3    ####...
 Regeneration             Chrm/Necr      #.........   100%        3    ####...
 Summon Guardian Golem    Hex/Summ       #.......     100%        3    ####...
 Vampiric Draining        Necr           #.........   100%        3    ####...
 Animate Dead             Necr           N/A          100%        4    #####..
 Cause Fear               Hex            #.........   100%        4    #####..
 Fulminant Prism          Conj/Hex       #.........   100%        4    #####..
 Iskenderun's Mystic Bla  Conj/Tloc      #.......     100%        4    #####..
 Summon Ice Beast         Ice/Summ       #.......     100%        4    #####..
 Summon Lightning Spire   Summ/Air       #.......     100%        4    #####..
 Irradiate                Conj/Tmut      #.........   100%        5    ######.
 Silence                  Hex/Air        #.........   100%        5    ######.
 Yara's Violent Unravell  Hex/Tmut       #.........   100%        5    ######.
 Deflect Missiles         Chrm/Air       #.........   100%        6    #######
 Hydra Form               Tmut           #.........   100%        6    #######
 Statue Form              Tmut/Erth      #........    100%        6    #######
 Dragon Form              Tmut           #.........   100%        7    #######
 Discord                  Hex            #.........   100%        8    #######


Dungeon Overview and Level Annotations

Branches:
Dungeon (15/15)            Temple (0/1) D:4            Lair (6/6) D:11
  Swamp (0/4) Lair:3        Snake (0/4) Lair:2        Slime (0/5) Lair:5
    Orc (2/2) D:12            Elf (3/3) Orc:2        Vaults (0/5) D:13
 Depths (0/5) D:15          Sewer (visited)          Bailey (visited)
Volcano (visited)

Altars:
Ashenzari
Cheibriados
Dithmenos
Elyvilon
Fedhas
Gozag
Makhleb
Nemelex Xobeh
Okawaru
Qazlal
Sif Muna
Vehumet
Xom
The Shining One
Beogh
Jiyva

Shops:
D:5 [   D:6 [   D:14 *   Orc:1 *=}   Orc:2 ([[*   Elf:1 =   Elf:3 [

Portals:
Trove: D:11 (give 2 scrolls of acquirement)

Annotations:
D:6 2 runed translucent doors
Orc:1 3 runed translucent doors, Maut's ghost, journeyman MiBe
Elf:1 3 runed translucent doors, Ebitiga's ghost, adept SpEn
Elf:2 5 runed translucent doors, Roxanne


Innate Abilities, Weirdness & Mutations

You have claws for feet.
You are mostly covered in thin metallic scales. (AC +3)
Your flesh is heat resistant. (rF+)
You resist negative energy. (rN+)
You are mostly covered in sharp spines.
You are immune to clouds of flame.


Message History

Unknown command.
Unknown command.
A deep elf demonologist comes into view.
It is wielding a +0 long sword.
The deep elf master archer wields a +0 longbow.
The deep elf master archer shoots an arrow.
The arrow hits you but does no damage.
You see here an arrow.
A deep elf sorcerer comes into view. It is wielding a +1 dagger of draining.
The deep elf sorcerer shouts!
The deep elf blademaster is engulfed in blazing flames.
You block the deep elf blademaster's attack. x2
Unknown command.
Unknown command.
The deep elf demonologist mumbles some strange words.
The deep elf demonologist gestures wildly while chanting.
The deep elf annihilator gestures at you while chanting.
The crystal spear hits you!!!!
You feel more protected from physical attacks.
Ouch! That really hurt!
You die...

#..#.## ##...)#
##1e..####...).#
#...)...'.e.≈≈#
#..4.####..≈)≈e
####.#§### ##...≈#.
#........# ##...###
#......#.# ##..#
#......#e#######+#
#.....e○.@...# #.#
####.#.#####.# #.#
#.#.# #.###.##
#.#.#####.##...##
#.#.##..........#
#.#.##.##.##....#
#......##.###)#.#####
###.#####.# #)#......
#.......# #)#######


You could see a Hell Sentinel, a deep elf blademaster, a deep elf annihilator, a
deep elf demonologist and a rust devil.

Vanquished Creatures
  Rupert (D:13)
  Jorgrun (D:12)
  A deep elf master archer (Elf:3)
  A deep elf blademaster (Elf:3)
  3 deep elf sorcerers (Elf:3)
  3 deep elf elementalists (Elf:3)
  Nessos (D:12)
  4 deep elf demonologists (Elf:3)
  4 deep elf annihilators (Elf:3)
  Snorg (D:13)
  6 deep elf death magi
  A fire dragon (D:12)
  Josephine (Orc:2)
  Harold (D:11)
  2 deep elf high priests
  4 vault guards (D:13)
  7 hydras
  6 two-headed ogres
  5 centaur warriors (D:15)
  11 dancing weapons
  8 orc high priests
  Sonja (Lair:3)
  9 deep elf knights
  A hell knight (Volcano)
  The ghost of Lanoc the Shooter, a novice CeBe of Trog (D:6)
  A salamander mystic (Volcano)
  A small abomination (Elf:1)
  2 unseen horrors (D:13)
  A glowing orange brain (D:15)
  An unseen horror (shapeshifter) (D:15)
  A wizard (D:14)
  3 deep elf archers
  Pikel (D:5)
  2 orc knights
  38 deep elf magi
  5 cyclopes
  2 manticores (D:13)
  9 salamanders (Volcano)
  2 orc sorcerers (Orc:1)
  24 ugly things
  A salamander (shapeshifter) (D:15)
  3 elephants (Lair:4)
  Maurice (D:12)
  5 centaur zombies
  A guardian serpent (shapeshifter) (Elf:1)
  2 gargoyles
  5 black mambas
  A black mamba (shapeshifter) (D:13)
  Psyche (D:8)
  8 spiny frogs
  3 komodo dragons
  A yaktaur (D:12)
  3 kobold demonologists
  2 efreet
  A tengu conjurer (D:13)
  5 polar bears
  A queen bee (shapeshifter) (Elf:1)
  5 trolls
  A dream sheep (Lair:6)
  4 hornets (Lair:6)
  2 slime creatures (D:15)
  A meliai zombie (D:11)
  10 blink frogs
  7 hippogriffs
  4 air elementals
  4 basilisks
  A water elemental (Elf:1)
  4 shadows
  6 wraiths
  11 spriggans
  7 wyverns
  A hog (shapeshifter) (D:15)
  23 yaks
  A fire elemental (Elf:1)
  A steam dragon (Lair:3)
  A golden eye (shapeshifter) (D:15)
  3 hungry ghosts
  4 vampire mosquitoes
  4 nagas (Lair:2)
  6 wargs
  A soldier ant (shapeshifter) (D:15)
  A swamp worm (Lair:3)
  Edmund (D:5)
  27 water moccasins
  2 acid dragons
  4 porcupines
  A slave (D:5)
  3 black bears
  9 orc warriors
  A phantom (D:8)
  An eye of draining (D:12)
  9 ice beasts
  4 sky beasts
  10 ogres
  19 wolves
  5 boggarts (Lair:6)
  23 centaurs
  5 crocodiles
  3 big kobolds
  14 bullfrogs
  An earth elemental (Elf:1)
  5 scorpions
  2 wyvern skeletons
  5 killer bees (D:9)
  A wight (D:12)
  2 howler monkeys
  7 electric eels
  6 crimson imps
  4 bullfrog zombies
  4 quasits
  9 hounds
  31 orc priests
  15 orc wizards
  3 bullfrog skeletons
  8 jellies
  3 centaur skeletons
  Ijyb (D:4)
  5 iguanas
  7 worker ants
  2 hound zombies (D:6)
  A hound skeleton (D:6)
  5 gnolls
  26 adders
  4 shadow imps
  An ooze (D:6)
  2 worms
  A dart slug (D:4)
  6 leopard geckos
  55 orcs
  3 ball pythons
  8 giant cockroaches
  15 goblins
  16 hobgoblins
  15 jackals
  7 quokkas
  9 bats
  7 frilled lizards
  17 kobolds
  2 leopard gecko skeletons
  5 rats
  2 crawling corpses (Elf:1)
  A fungus (Lair:5)
804 creatures vanquished.

Vanquished Creatures (others)
  A hydra (D:13)
  2 deep elf knights
  6 yaks (Lair:5)
  A slave (D:5)
  3 gnolls (D:5)
  A shadow imp (D:5)
  An adder zombie (D:5)
  2 orcs (Orc:2)
  A giant cockroach (D:5)
  A frilled lizard (D:5)
  A quokka skeleton (D:5)
  6 fungi (Lair:6)
  3 plants
29 creatures vanquished.

Grand Total: 833 creatures vanquished

Notes
Turn   | Place    | Note
-------+----------+-------------------------------------------
     0 | D:1      | floatRand the Demonspawn Gladiator began the quest for the
                  | Orb.
     0 | D:1      | Reached XP level 1. HP: 16/16 MP: 1/1
    58 | D:1      | Gained mutation: You are partially covered in sharp spines.
                  | [demonic ancestry]
    58 | D:1      | Reached XP level 2. HP: 15/22 MP: 2/2
   352 | D:1      | Reached XP level 3. HP: 22/27 MP: 3/3
   815 | D:2      | Reached XP level 4. HP: 8/33 MP: 4/4
  1325 | D:2      | Found a stormy altar of Qazlal.
  1334 | D:2      | Found a radiant altar of Vehumet.
  1345 | D:2      | Became a worshipper of Qazlal Stormbringer
  1347 | D:2      | Found an opulent altar of Gozag.
  1348 | D:2      | Found a burning altar of Makhleb.
  1348 | D:2      | Found a glowing golden altar of the Shining One.
  1348 | D:2      | Found a snail-covered altar of Cheibriados.
  1348 | D:2      | Found a shimmering altar of Xom.
  1349 | D:2      | Found a sparkling altar of Nemelex Xobeh.
  1350 | D:2      | Found a shadowy altar of Dithmenos.
  1351 | D:2      | Found a shattered altar of Ashenzari.
  1352 | D:2      | Found a blossoming altar of Fedhas.
  1353 | D:2      | Found a shimmering blue altar of Sif Muna.
  1683 | D:3      | Reached XP level 5. HP: 33/38 MP: 5/5
  1730 | D:3      | Reached skill level 1 in Invocations
  2193 | D:3      | Reached * piety under Qazlal
  2331 | D:4      | Found a staircase to the Ecumenical Temple.
  2340 | D:4      | Noticed Ijyb
  2356 | D:4      | Killed Ijyb
  2356 | D:4      | Reached skill level 1 in Armour
  2356 | D:4      | Reached skill level 2 in Invocations
  2390 | D:4      | Reached skill level 5 in Axes
  2390 | D:4      | Gained mutation: Your flesh is heat resistant. (rF+)
                  | [demonic ancestry]
  2390 | D:4      | Reached XP level 6. HP: 42/44 MP: 6/8
  2423 | D:4      | Reached skill level 3 in Invocations
  2649 | D:4      | Reached skill level 4 in Invocations
  3019 | D:4      | Found a snail-covered altar of Cheibriados.
  3148 | D:5      | Entered Level 5 of the Dungeon
  3148 | D:5      | Noticed Pikel
  3148 | D:5      | Noticed a slave
  3148 | D:5      | Noticed a slave
  3148 | D:5      | Noticed a slave
  3148 | D:5      | Noticed a slave
  3177 | D:5      | Killed a slave
  3189 | D:5      | Killed Pikel
  3189 | D:5      | Reached skill level 6 in Invocations
  3189 | D:5      | Gained mutation: You have sharp toenails. [demonic
                  | ancestry]
  3189 | D:5      | Reached XP level 7. HP: 44/50 MP: 9/11
  3203 | D:5      | Noticed Edmund
  3262 | D:5      | Gained mutation: You are partially covered in thin metallic
                  | scales. (AC +2) [demonic ancestry]
  3262 | D:5      | Reached XP level 8. HP: 40/56 MP: 12/12
  3262 | D:5      | Killed Edmund
  3323 | D:5      | Found a glowing drain.
  3361 | Sewer    | Entered a sewer
  3368 | Sewer    | Reached ** piety under Qazlal
  3427 | Sewer    | Reached skill level 7 in Invocations
  3501 | D:5      | Found Emupitoze's Armour Shoppe.
  3843 | D:5      | Reached skill level 8 in Invocations
  4048 | D:6      | Found Giyn's Antique Armour Shop.
  4132 | D:6      | Found a runed translucent gate.
  4132 | D:6      | Found a runed translucent gate.
  4132 | D:6      | Found a runed translucent gate.
  4134 | D:6      | Noticed Lanoc's ghost (novice CeBe)
  4160 | D:6      | Reached skill level 1 in Shields
  4166 | D:6      | Reached skill level 9 in Invocations
  4429 | D:6      | Gained mutation: You have razor-sharp toenails. [demonic
                  | ancestry]
  4429 | D:6      | Reached XP level 9. HP: 51/61 MP: 16/16
  4436 | D:6      | Reached skill level 10 in Invocations
  4528 | D:6      | Noticed a six-headed hydra
  4540 | D:6      | Found a large runed translucent door.
  4544 | D:6      | Found a large runed translucent door.
  4692 | D:6      | Noticed a troll
  4692 | D:6      | Found a large runed translucent door.
  4692 | D:6      | Found a large runed translucent door.
  5365 | D:7      | Reached skill level 11 in Invocations
  6074 | D:8      | Reached skill level 12 in Invocations
  6095 | D:8      | Reached *** piety under Qazlal
  6222 | D:8      | Identified a scroll of acquirement
  6454 | D:8      | Found a white marble altar of Elyvilon.
  6583 | D:8      | Noticed Psyche
  6598 | D:8      | Killed Psyche
  6598 | D:8      | Reached XP level 10. HP: 56/67 MP: 19/19
  6720 | D:9      | Reached skill level 1 in Maces & Flails
  7051 | D:9      | Reached skill level 5 in Shields
  7150 | D:9      | Reached skill level 13 in Invocations
  7855 | D:6      | Killed a six-headed hydra
  7897 | D:6      | Killed Lanoc's ghost
  7989 | D:6      | Reached skill level 14 in Invocations
  8157 | D:10     | Entered Level 10 of the Dungeon
  8184 | D:10     | Noticed a two-headed ogre
  8192 | D:10     | Noticed a two-headed ogre
  8221 | D:10     | Noticed a two-headed ogre
  8232 | D:10     | Killed a two-headed ogre
  8232 | D:10     | Reached skill level 5 in Maces & Flails
  8276 | D:10     | Killed a two-headed ogre
  8276 | D:10     | Gained mutation: You are immune to clouds of flame.
                  | [demonic ancestry]
  8276 | D:10     | Reached XP level 11. HP: 67/72 MP: 21/21
  8399 | D:10     | Killed a two-headed ogre
  8537 | D:10     | Reached **** piety under Qazlal
  8666 | D:10     | Reached skill level 15 in Invocations
  9472 | D:11     | You fall into a shaft and drop 1 floor!
  9501 | D:12     | Noticed Nessos
  9506 | D:12     | Killed Nessos
  9514 | D:12     | Noticed a deep elf mage
  9569 | D:12     | Killed a deep elf mage
  9636 | D:12     | Noticed a purple ugly thing
  9638 | D:12     | Noticed a brown ugly thing
  9659 | D:12     | Killed a brown ugly thing
  9669 | D:12     | Killed a purple ugly thing
  9669 | D:12     | Reached skill level 16 in Invocations
  9681 | D:12     | Gained mutation: You have claws for feet. [demonic
                  | ancestry]
  9681 | D:12     | Reached XP level 12. HP: 77/78 MP: 24/24
  9704 | D:12     | Identified the +6 battleaxe of Disorder {protect, Int+4
                  | Dex-5}
  9789 | D:12     | Noticed a fire dragon
  9813 | D:12     | Noticed a two-headed ogre
  9814 | D:12     | Killed a fire dragon
  9837 | D:12     | Killed a two-headed ogre
  9932 | D:12     | Noticed a four-headed hydra
  9933 | D:12     | Identified the +8 hand axe of the Enchanted Forest {chop,
                  | Int+3}
  9933 | D:12     | Noticed Maurice
  9940 | D:12     | Killed Maurice
  9948 | D:12     | Killed a four-headed hydra
  9983 | D:12     | Noticed a two-headed ogre
 10003 | D:12     | Killed a two-headed ogre
 10193 | D:12     | Noticed Jorgrun
 10199 | D:12     | Killed Jorgrun
 10199 | D:12     | Reached skill level 17 in Invocations
 10345 | D:12     | Found a staircase to the Orcish Mines.
 10461 | D:12     | Got a flickering steel amulet
 10664 | D:12     | Identified the amulet of Temperance {Inacc Str+4 Dex+2}
                  | (You found it on level 12 of the Dungeon)
 11133 | D:11     | Noticed Harold
 11158 | D:11     | Killed Harold
 11205 | D:11     | Found a portal to a secret trove of treasure.
 11417 | D:11     | Found a staircase to the Lair.
 11891 | Lair:1   | Entered Level 1 of the Lair of Beasts
 12108 | Lair:1   | Reached skill level 10 in Maces & Flails
 12221 | Lair:1   | Reached XP level 13. HP: 83/83 MP: 25/25
 13083 | Lair:2   | Found a staircase to the Snake Pit.
 13565 | Lair:3   | Noticed Sonja
 13577 | Lair:3   | Killed Sonja
 13578 | Lair:3   | Reached skill level 18 in Invocations
 13740 | Lair:3   | Found a dark tunnel.
 13749 | Volcano  | Entered a volcano
 14343 | Lair:3   | Found a staircase to the Swamp.
 15904 | Lair:5   | Reached skill level 19 in Invocations
 16114 | Lair:5   | Found a viscous altar of Jiyva.
 16114 | Lair:5   | Found a staircase to the Slime Pits.
 16240 | Lair:6   | Entered Level 6 of the Lair of Beasts
 16718 | Lair:6   | Gained mutation: You are mostly covered in thin metallic
                  | scales. (AC +3) [demonic ancestry]
 16718 | Lair:6   | Reached XP level 14. HP: 90/90 MP: 27/27
 16781 | Lair:6   | Reached skill level 10 in Shields
 17877 | Orc:1    | Entered Level 1 of the Orcish Mines
 18060 | Orc:2    | Entered Level 2 of the Orcish Mines
 18062 | Orc:2    | Noticed Josephine
 18295 | Orc:2    | Killed Josephine
 18295 | Orc:2    | Reached skill level 20 in Invocations
 18424 | Orc:1    | Reached ***** piety under Qazlal
 19167 | Orc:2    | Found a staircase to the Elven Halls.
 19262 | Orc:2    | Found Qoffuk's Antique Weapon Shop.
 19262 | Orc:2    | Found Iraddas's Antique Armour Shoppe.
 19275 | Orc:2    | Bought a bloodstained cloak for 256 gold pieces
 19275 | Orc:2    | Identified the +0 cloak "Mocauf" {-Tele Regen+ rCorr Int-4}
                  | (You bought it in a shop on level 2 of the Orcish Mines)
 19294 | Orc:2    | Found a roughly hewn altar of Beogh.
 19310 | Orc:2    | Found Vumiel's Armour Shop.
 19310 | Orc:2    | Found Iggej's General Store.
 19495 | Orc:1    | Found Muuw's Gadget Shop.
 19769 | Orc:1    | Found a runed translucent gate.
 19795 | Orc:1    | Found a runed translucent gate.
 19795 | Orc:1    | Found a runed translucent gate.
 19796 | Orc:1    | Noticed Maut's ghost (journeyman MiBe)
 19997 | Orc:1    | Found Huff's General Store.
 20009 | Orc:1    | Found Xive's Jewellery Shop.
 20325 | D:6      | Bought a bloodstained crystal plate armour for 2040 gold
                  | pieces
 20325 | D:6      | Identified the cursed +1 crystal plate armour of Pride {rN+
                  | MR+} (You bought it in a shop on level 6 of the Dungeon)
 20508 | D:13     | Noticed Rupert
 20526 | D:13     | Killed Rupert
 20550 | D:13     | Noticed Snorg
 20562 | D:13     | Killed Snorg
 20886 | D:13     | Reached XP level 15. HP: 100/100 MP: 29/29
 21260 | D:13     | Found a gate to the Vaults.
 21738 | D:14     | Found Nuisio Judull's General Store.
 21792 | D:14     | Found a flagged portal.
 21809 | D:14     | Reached ****** piety under Qazlal
 21839 | D:14     | Reached skill level 21 in Invocations
 21970 | Bailey   | Entered a bailey
 21989 | Bailey   | Reached skill level 5 in Fighting
 22035 | Bailey   | Found an iron altar of Okawaru.
 22553 | D:14     | Reached skill level 5 in Armour
 22932 | D:15     | Entered Level 15 of the Dungeon
 23146 | D:15     | Reached skill level 5 in Dodging
 23910 | D:15     | Found a staircase to the Depths.
 24083 | Orc:2    | Bought the +0 fire dragon scales "Wialegos" {rF++ rC-
                  | Slay+5} for 968 gold pieces
 24090 | Orc:2    | Gained mutation: You resist negative energy. (rN+) [demonic
                  | ancestry]
 24090 | Orc:2    | Reached XP level 16. HP: 113/113 MP: 30/30
 24151 | Elf:1    | Entered Level 1 of the Elven Halls
 24431 | Elf:1    | Found Keymawni's Jewellery Emporium.
 24710 | Elf:1    | Gained mutation: You are mostly covered in sharp spines.
                  | [demonic ancestry]
 24710 | Elf:1    | Reached XP level 17. HP: 43/120 MP: 31/31
 25495 | Elf:1    | Found a runed translucent gate.
 25495 | Elf:1    | Found a runed translucent gate.
 25495 | Elf:1    | Found a runed translucent gate.
 25495 | Elf:1    | Noticed Ebitiga's ghost (adept SpEn)
 25495 | Elf:1    | Identified the +3 plate armour of Pioddoar {rC- Int+4}
 25583 | Elf:1    | Found an iron altar of Okawaru.
 25913 | Elf:2    | Noticed Roxanne
 26046 | Elf:2    | Reached skill level 22 in Invocations
 26145 | Elf:2    | Found a huge runed translucent gate.
 26145 | Elf:2    | Found a huge runed translucent gate.
 26145 | Elf:2    | Found a huge runed translucent gate.
 26151 | Elf:2    | Found a huge runed translucent gate.
 26151 | Elf:2    | Found a huge runed translucent gate.
 26646 | Elf:3    | Entered Level 3 of the Elven Halls
 26744 | Elf:3    | Found Ujoat's Armour Shoppe.
 27046 | Elf:3    | Noticed a deep elf blademaster
 27060 | Elf:3    | Killed a deep elf blademaster
 27060 | Elf:3    | Noticed a deep elf master archer
 27067 | Elf:3    | Killed a deep elf master archer
 27072 | Elf:3    | Noticed a Tzitzimitl
 27117 | Elf:3    | HP: 5/124 [earth elemental[a deep elf elementalist] (12)]
 27135 | Elf:3    | Noticed a deep elf blademaster
 27144 | Elf:3    | Noticed a deep elf master archer
 27149 | Elf:3    | Noticed a Hell Sentinel
 27150 | Elf:3    | Killed from afar by a deep elf annihilator

Levels and vault maps discovered:
D:1:      grunt_arrival_crossed_arrows, layout_basic, minmay_tall_x
D:2:      layout_basic, minitemple
D:3:      layout_loops_ring, first_ration
D:4:      layout_cave_pools, minmay_temple_entry_gardened_gates,
          kennysheep_slug_shrine, uniq_ijyb
D:5:      layout_gridville, serial_shops, nicolae_shop_statue_plus,
          cheibrodos_sewer_entry_sluice, uniq_pikel, uniq_edmund
D:6:      layout_layer_cave, serial_shops, shop, ebering_ghost_rock_garden,
          minmay_hollow_rounded_squares
D:7:      layout_cave_pods, the_bakery
D:8:      layout_basic, elyvilon_altar_5, grunt_potential, uniq_psyche
D:9:      layout_irregular_city
D:10:     lemuel_reptile_caves, layout_basic
D:11:     layout_grid_maze, erik_lair_island, enter_trove_2,
          due_unseen_surprise, uniq_harold
D:12:     cheibrodos_ideogram_h, layout_small_grid, david_orc_3,
          minmay_tree_intersection, uniq_jorgrun, uniq_maurice, uniq_nessos
D:13:     four-leaf_vault, layout_long_grid, lightli_vaults_fourway_checkpoint,
          kennysheep_generic_room_8, uniq_snorg, uniq_rupert
D:14:     layout_loops_corners, enter_bailey_3, serial_shops,
          nicolae_shop_trees, fungi_pond_lemuel
D:15:     gammafunk_enter_depths_forms, layout_irregular_city
Lair:1:   layout_regular_city
Lair:2:   layout_big_grid, minmay_snake_entry_guardpost_small,
          serial_bayou_shore_b
Lair:3:   layout_regular_city, minmay_swamp_entry_worms,
          lightli_volcano_entry_magma_tube, serial_bayou_shore_a,
          grunt_megastairs_4, uniq_sonja
Lair:4:   layout_regular_city, beast_lair_carwin_4
Lair:5:   layout_roguey, dpeg_slime_entry_enclosed_altar
Lair:6:   minmay_lair_end_enchanted_forest, layout_hall_layers,
          grunt_forest_small_clearings, minivault_27, serial_bayou_shore_b
Orc:1:    layout_caves, serial_shops, shop, shop_statue, shop_fountains,
          gammafunk_ghost_necromancy
Orc:2:    st_orc_town, layout_caves, uniq_josephine
Elf:1:    minmay_elf_arrival_summoners, layout_loops_corners,
          gammafunk_ghost_fury_of_okawaru, serial_shops, shop,
          minmay_elf_crystal_heptagon, grunt_ministairs_6, st_stairs_12,
          minivault_25_ag
Elf:2:    layout_gridlike, dk_noncrumbling_4, uniq_roxanne
Elf:3:    grunt_elf_hall_branching, layout_loops_corners, serial_shops,
          nicolae_shop_behind_doors

Skill      XL: |  1  2  3  4  5  6  7  8  9 10 11 12 13 14 15 16 17 |
---------------+----------------------------------------------------+-----
Axes           | 3 4 5 6 |  6.7
Dodging        | 3 4 5 7 |  7.0
Invocations    | 2 6 9 12 14 16 17 19 20 21 22 | 22.6
Armour         | 1 2 3 4 5 7 |  7.1
Shields        | 2 4 6 7 8 9 10 12 | 12.8
Maces & Flails | 5 7 10 11 12 13 | 13.2
Fighting       | 4 6 7 8 |  8.9
Throwing       | |  1.7

Action                   |  1- 3 |  4- 6 |  7- 9 | 10-12 | 13-15 | 16-18 || total
-------------------------+-------+-------+-------+-------+-------+-------++-------
Melee: War axe           |    71 |   162 |   220 |       |       |       ||   453
       Morningstar       |       |       |    18 |   669 |  1253 |   406 ||  2346
       Kick              |       |       |       |    83 |   416 |   111 ||   610
       Flail             |       |       |       |       |       |    41 ||    41
Invok: Upheaval          |       |       |     1 |     9 |    12 |     6 ||    28
       Disaster Area     |       |       |       |       |       |     2 ||     2
Evoke: Wand              |       |       |     7 |     6 |    16 |       ||    29
       Lightning rod     |       |       |     4 |     3 |       |       ||     7
  Use: Scroll            |       |       |    20 |     4 |    19 |     2 ||    45
       Potion            |       |       |       |     2 |     3 |     4 ||     9
 Stab: Sleeping          |     1 |       |       |       |       |       ||     1
       Fleeing           |       |       |       |       |       |     1 ||     1
  Eat: Chunk             |       |     7 |    12 |    22 |    22 |     6 ||    69
       Ration            |       |       |       |       |     6 |     1 ||     7
Armor: Leather armour    |    27 |    10 |       |       |       |       ||    37
       Chain mail        |       |    13 |       |       |       |       ||    13
       Ring mail         |       |    49 |    93 |   138 |       |       ||   280
       Acid dragon scale |       |       |       |    68 |   200 |       ||   268
       Crystal plate arm |       |       |       |       |   263 |   133 ||   396
Dodge: Dodged            |    57 |    83 |    77 |   236 |   249 |    18 ||   720
       Deflected         |       |       |       |     9 |    26 |     5 ||    40
Block: Other             |       |     6 |     4 |       |       |       ||    10
       Shield            |       |       |   178 |   697 |  1285 |   372 ||  2532

Table legend:
 A = Non-vault XP
 B = Vault XP
 C = Vault XP percentage of total XP
 D = Non-vault monster count
 E = Vault monster count
 F = Vault count percentage of total count
                 A         B        C        D         E       F
            +---------+---------+-------+---------+---------+-------
      Total |   96346 |  117845 |  55.0 |     469 |     334 |  41.6
            +---------+---------+-------+---------+---------+-------
        D:1 |      41 |       6 |  12.8 |      25 |       4 |  13.8
        D:2 |     147 |       0 |   0.0 |      23 |       0 |   0.0
        D:3 |     101 |       0 |   0.0 |      26 |       0 |   0.0
        D:4 |     389 |      40 |   9.3 |      20 |       2 |   9.1
        D:5 |     583 |     777 |  57.1 |      11 |       5 |  31.2
        D:6 |     908 |    2929 |  76.3 |      21 |      11 |  34.4
        D:7 |     608 |     211 |  25.8 |      11 |       1 |   8.3
        D:8 |     248 |     873 |  77.9 |       9 |       6 |  40.0
        D:9 |    1553 |       0 |   0.0 |      22 |       0 |   0.0
       D:10 |    3864 |    2663 |  40.8 |      15 |      32 |  68.1
       D:11 |    4147 |    1692 |  29.0 |      29 |       8 |  21.6
       D:12 |    2361 |   12219 |  83.8 |      16 |      34 |  68.0
       D:13 |    2363 |   16147 |  87.2 |       9 |      32 |  78.0
       D:14 |   12072 |       7 |   0.1 |      29 |       4 |  12.1
       D:15 |   12523 |    4401 |  26.0 |      45 |       9 |  16.7
     Lair:1 |    1703 |       0 |   0.0 |       8 |       0 |   0.0
     Lair:2 |    1925 |     652 |  25.3 |       6 |       4 |  40.0
     Lair:3 |    4200 |    1403 |  25.0 |      16 |       4 |  20.0
     Lair:4 |    1273 |    1914 |  60.1 |       4 |       5 |  55.6
     Lair:5 |    3398 |    1204 |  26.2 |      14 |       6 |  30.0
     Lair:6 |    5290 |    7491 |  58.6 |      19 |      38 |  66.7
      Orc:1 |    3771 |    3482 |  48.0 |      32 |      17 |  34.7
      Orc:2 |      86 |    7160 |  98.8 |       7 |      45 |  86.5
      Elf:1 |   15897 |   15158 |  48.8 |      25 |      23 |  47.9
      Elf:2 |   10418 |    1826 |  14.9 |      18 |       2 |  10.0
      Elf:3 |    6477 |   28241 |  81.3 |       9 |      19 |  67.9
      Sewer |       0 |     115 | 100.0 |       0 |       6 | 100.0
     Bailey |       0 |     918 | 100.0 |       0 |       6 | 100.0
    Volcano |       0 |    6316 | 100.0 |       0 |      11 | 100.0
            +---------+---------+-------+---------+---------+-------
